 Dungeon Crawl Stone Soup version 0.19.5 (webtiles) character file.

107 tidbits the Shooter (level 4, 4/27 HPs)
             Began as a High Elf Wanderer on Oct 31, 2017.
             Quit the game on level 3 of the Dungeon.
             The game lasted 00:11:36 (1282 turns).

tidbits the Shooter (High Elf Wanderer)             Turns: 1282, Time: 00:11:37

Health: 4/27       AC:  3    Str:  9      XL:     4   Next: 57%
Magic:  8/8        EV: 11    Int: 16 (18) God:
Gold:   98         SH:  0    Dex: 14 (15) Spells: 0 memorised, 7 levels left

rFire  . . .     SeeInvis .     b - +2 dagger (venom)
rCold  . . .     Gourm    .     B - +0 leather armour (curse)
rNeg   . . .     Faith    .     (no shield)
rPois  .         Spirit   .     (no helmet)
rElec  .         Reflect  .     (no cloak)
rCorr  .         Harm     .     (no gloves)
MR     .....                    (no boots)
Stlth  +.........               l - amulet of rage
                                (no ring)
                                (no ring)

@: lethally poisoned (4 -> -8)
A: no striking features
a: Evoke Berserk Rage


You were on level 3 of the Dungeon.
You were not hungry.

You visited 1 branch of the dungeon, and saw 3 of its levels.

You collected 98 gold pieces.

Inventory:

Hand Weapons
 a - a +0 shortbow
 b - a +2 dagger of venom (weapon)
   (You took it off a goblin on level 1 of the Dungeon)
 o - a +1 dagger of holy wrath
   (You took it off Ijyb on level 3 of the Dungeon)
Missiles
 f - 31 arrows
 g - 70 stones (quivered)
 h - 21 bolts
 m - 10 poisoned needles
 p - 43 sling bullets
Armour
 s - a +0 robe
 B - a cursed +0 leather armour (worn)
   (You took it off Ijyb on level 3 of the Dungeon)
Jewellery
 l - an amulet of rage (around neck)
   (You found it on level 1 of the Dungeon)
Wands
 i - a wand of flame (0/48)
Scrolls
 j - a scroll of fear {unknown}
 k - a scroll of immolation {unknown}
 n - a scroll of blinking {unknown}
 q - a scroll of enchant armour {unknown}
Potions
 e - 2 potions of might
Comestibles
 c - 4 bread rations
 d - 2 meat rations
 r - a chunk of flesh


   Skills:
 + Level 0.8 Fighting
 + Level 5.3 Bows
   Level 3.0 Crossbows
 + Level 0.7 Dodging
   Level 1.0 Shields
 - Level 2.4 Spellcasting
   Level 3.6 Charms
 - Level 1.0 Evocations


You had 7 spell levels left.
You didn't know any spells.

Dungeon Overview and Level Annotations

Branches:
Dungeon (3/15)

Altars:
Uskayaw


Message History

This raw flesh tastes terrible.
r - a chunk of flesh
Things that are here:
a leather armour; the goblin corpse of Ijyb Your +2 dagger of venom stops dripping with poison.
a - a +0 shortbow (weapon)
s - a leather armour Wear which item? (? for menu, Esc to quit)
Okay, then.
Search for what [? for help]? armour Wear which item? (? for menu, Esc to quit)
You start removing your armour.
You continue taking off your +0 robe. x2
Keep disrobing?
You stop removing your armour.
Firing (i - inventory. (,) - cycle):
f - 36 arrows (quivered)
Press: ? - help, Shift-Dir - straight line, f - rat
Aim: a rat (hasn't noticed you)
You shoot an arrow. The arrow closely misses the rat.
You feel yourself speed up.
Wear which item? (? for menu, Esc to quit)
Keep disrobing?
You stop removing your armour.
Firing (i - inventory. (,) - cycle):
f - 35 arrows (quivered)
Press: ? - help, Shift-Dir - straight line, f/p - rat
Aim: a rat You shoot an arrow.
The arrow hits the rat.
The rat is heavily wounded.
Firing (i - inventory. (,) - cycle):
f - 34 arrows (quivered)
Press: ? - help, Shift-Dir - straight line, f/p - rat
Aim: a rat (heavily wounded)
You shoot an arrow. The arrow hits the rat.
You kill the rat!
Wear which item? (? for menu, Esc to quit)
You start removing your armour.
You continue taking off your +0 robe. x2
You feel less exhausted.
You continue taking off your +0 robe. x2
You finish taking off your +0 robe.
You start putting on your armour.
You continue putting on your leather armour. x5
You finish putting on your cursed +0 leather armour.
Oops, that feels deathly cold.
Adjust (i)tems, (s)pells, or (a)bilities?
Adjust which item? (? for menu, Esc to quit)
s - a cursed +0 leather armour (worn)
Adjust to which letter? (? for menu, Esc to quit)
B - a cursed +0 leather armour (worn);
s - a +0 robe
Found 16 stones.
Things that are here:
an arrow; a rat corpse
f - 34 arrows (gained 1)
Found a hide-covered altar of Uskayaw.
You see here an arrow.
f - 35 arrows (gained 1) Firing (i - inventory. (,) - cycle):
f - 35 arrows (quivered)
Press: ? - help, Shift-Dir - straight line, f - kobold
Aim: a kobold, wielding a blowgun (hasn't noticed you)
You shoot an arrow. The arrow misses the kobold.
The kobold shoots a poisoned needle.
The poisoned needle closely misses you.
A hobgoblin comes into view. It is wielding a club.
The hobgoblin shouts!
Firing (i - inventory. (,) - cycle):
f - 34 arrows (quivered)
Press: ? - help, Shift-Dir - straight line, f - hobgoblin
Aim: a hobgoblin, wielding a club You shoot an arrow.
The arrow hits the hobgoblin.
The hobgoblin is lightly wounded.
Firing (i - inventory. (,) - cycle):
f - 33 arrows (quivered)
Press: ? - help, Shift-Dir - straight line, f/p - hobgoblin
Aim: a hobgoblin, wielding a club (lightly wounded)
You shoot an arrow. The arrow hits the hobgoblin.
The hobgoblin is heavily wounded.
Firing (i - inventory. (,) - cycle):
f - 32 arrows (quivered)
Press: ? - help, Shift-Dir - straight line, f/p - hobgoblin
Aim: a hobgoblin, wielding a club (heavily wounded)
You shoot an arrow. The arrow hits the hobgoblin.
You kill the hobgoblin!
You feel your dexterity returning.
The kobold shoots a poisoned needle.
The poisoned needle hits you!
You are poisoned.
You feel sick.
The kobold shouts!
Wield which item (- for none, * to show all)? (? for menu, Esc to quit)
Your +2 dagger of venom begins to drip with poison!
b - a +2 dagger of venom (weapon)
You feel sick.
You feel sick.
The kobold shoots a poisoned needle.
The poisoned needle hits you!
You are more poisoned.
You see here a poisoned needle.
You feel sick.
The kobold unwields an uncursed blowgun.
The kobold hits you.
* * * LOW HITPOINT WARNING * * *
You completely miss the kobold.
* * * LOW HITPOINT WARNING * * *
You feel sick. The kobold hits you with a short sword!
* * * LOW HITPOINT WARNING * * *
The kobold hits you.
* * * LOW HITPOINT WARNING * * *
Okay, then.
Are you sure you want to abandon this character and quit the game? (Confirm with "yes".)

..........# ..........#
.(.._......# .#### #..........#
.#.. #....(.....#
##...####....((....#
.(........#....K..## .#
...............K@..# .#
....K>..........#(.# #######.##
...............(##.# #........#
<.....>...........(# #........# .
..........[.....#†.# #........##.
......S.........#..###........#..
...........#....#..........>.....
..(............##......†.......#.
.#.#.#.##..##...)...†.........##


You could see 2 kobolds.

Vanquished Creatures
  Ijyb (D:3)
  3 adders
  2 worms (D:2)
  2 dart slugs
  2 orcs (D:3)
  4 giant cockroaches (D:2)
  5 hobgoblins
  5 jackals
  2 frilled lizards (D:2)
  9 goblins
  2 kobolds
  5 rats
42 creatures vanquished.

Notes
Turn   | Place    | Note
-------+----------+-------------------------------------------
     0 | D:1      | tidbits the High Elf Wanderer began the quest for the Orb.
     0 | D:1      | tidbits set off with: a wand of flame (15/48), a +0 shortbow, 25 arrows, a +0 robe, a bread ration
     0 | D:1      | Reached XP level 1. HP: 11/11 MP: 4/4
   116 | D:1      | Reached skill level 1 in Bows
   242 | D:1      | Reached skill level 2 in Bows
   313 | D:1      | Reached XP level 2. HP: 17/17 MP: 6/6
   503 | D:2      | Reached skill level 3 in Bows
   802 | D:2      | Reached XP level 3. HP: 9/21 MP: 7/7
   807 | D:2      | Reached skill level 4 in Bows
   815 | D:2      | HP: 2/21 [poisoned by an adder]
   821 | D:2      | HP: 2/31 [poisoned by an adder]
  1156 | D:3      | Reached skill level 5 in Bows
  1156 | D:3      | Reached XP level 4. HP: 15/27 MP: 8/8
  1212 | D:3      | Noticed Ijyb
  1222 | D:3      | Killed Ijyb
  1265 | D:3      | Found a hide-covered altar of Uskayaw.
  1282 | D:3      | Quit the game

Skill      XL: |  1  2  3 |
---------------+----------+-----
Bows           | 2 3 5 |  5.3
Fighting       | |  0.8
Crossbows      | |  3.0
Dodging        | |  0.7
Shields        | |  1.0
Spellcasting   | |  2.4
Charms         | |  3.6
Evocations     | |  1.0

Action                   |  1- 3 |  4- 6 || total
-------------------------+-------+-------++-------
Melee: Dagger            |    24 |     5 ||    29
 Fire: Shortbow          |    59 |    12 ||    71
 Abil: Evoke Berserk Rag |     2 |     1 ||     3
Evoke: Wand              |     7 |     8 ||    15
  Use: Potion            |     5 |       ||     5
  Eat: Chunk             |     3 |     1 ||     4
Armor: Robe              |     5 |     1 ||     6
Dodge: Dodged            |    27 |     1 ||    28

Table legend:
 A = Turns spent in this place as a percentage of turns spent in the entire game.
 B = Non-inter-level travel turns spent in this place as a percentage of non-inter-level travel turns spent in the entire game.
 C = Inter-level travel turns spent in this place as a percentage of turns spent in this place.
 D = Turns resting spent in this place as a percentage of non-inter-level travel turns spent in this place.
 E = Turns spent auto-exploring this place as a percentage of non-inter-level travel turns spent in this place.
 F = Non-inter-level travel turns spent in this place divided by the number of levels of this place that you've seen.
                   A       B       C       D       E      F
               +-------+-------+-------+-------+-------+----------------------
         Total | 100.0 | 100.0 |   0.0 |   0.0 |   0.0 | 325.0
       Dungeon | 100.0 | 100.0 |   0.0 |   0.0 |   0.0 | 325.0
               +-------+-------+-------+-------+-------+----------------------

Table legend:
 A = Kills in this place as a percentage of kills in entire the game.
 B = Kills by you in this place as a percentage of kills by you in the entire game.
 C = Kills by friends in this place as a percentage of kills by friends in the entire game.
 D = Other kills in this place as a percentage of other kills in the entire game.
 E = Experience gained in this place as a percentage of experience gained in the entire game.
 F = Experience gained in this place divided by the number of levels of this place that you have seen.
                   A       B       C       D       E      F
               +-------+-------+-------+-------+-------+----------------------
         Total | 100.0 | 100.0 |  -nan |  -nan | 100.0 |  51.3
       Dungeon | 100.0 | 100.0 |  -nan |  -nan | 100.0 |  51.3
               +-------+-------+-------+-------+-------+----------------------

Vault maps used:
D:1:      minmay_arrival_cross
D:2:      supply_closet_lemuel, minmay_unequal
D:3:      overflow_temple_1_default, marbit_many_paths, first_bread, uniq_iyjb
